TOP OF THE 1ST |
Kansas City Kings batting - Pitching for Portland Cards : RHP Tim Cameron
|
Pitching: RHP Tim Cameron
|
|
Batting: SHB Douglas Taylor
|
0-0: Swinging Strike 0-1: Foul Ball, location: 2F 0-2: Ball 1-2: Fly out, F8 (Flyball, 78S)
|
Batting: RHB Chris Chandler
|
0-0: Swinging Strike 0-1: Ball 1-1: Ball 2-1: Foul Ball, location: 2F 2-2: Strikes out swinging, 2-3 out at first.
|
Batting: RHB Eric Fuller
|
0-0: Ball 1-0: Foul Ball, location: 2F 1-1: Swinging Strike 1-2: Foul Ball, location: 2F 1-2: DOUBLE (Line Drive, 9D)
|
Batting: LHB Ron Crawford
|
0-0: Ball 1-0: Fly out, F8 (Flyball, 8LS)
|
Top of the 1st over - 0 runs, 1 hit, 0 errors, 1 left on base; Kansas City 0 - Portland 0 |
BOTTOM OF THE 1ST |
Portland Cards batting - Pitching for Kansas City Kings : RHP Luis Vargas
|
Pitching: RHP Luis Vargas
|
|
Batting: RHB Carlos Sánchez
|
0-0: Foul Ball, location: 2F 0-1: Foul Ball, location: 2F 0-2: Ground out U3 (Groundball, 34)
|
Batting: LHB Leonardo Medina
|
0-0: Called Strike 0-1: Ball 1-1: Ball 2-1: Foul Ball, location: 2F 2-2: Hit by Pitch
|
Batting: LHB Paul Mullins
|
0-0: Ball 1-0: Called Strike 1-1: Foul Ball, location: 2F 1-2: Foul Ball, location: 2F 1-2: SINGLE (Groundball, 34D) - runner OUT being hit by batted ball.
|
Batting: SHB Giancarlo Giannini
|
0-0: Called Strike 0-1: Ball 1-1: Foul Ball, location: 2F 1-2: Ball 2-2: Foul Ball, location: 2F 2-2: SINGLE (Groundball, 34D) Paul Mullins to second
|
Batting: RHB Mario Beltrán
|
0-0: Fly out, F9 (Flyball, 9S)
|
Bottom of the 1st over - 0 runs, 2 hits, 0 errors, 2 left on base; Kansas City 0 - Portland 0 |
TOP OF THE 2ND |
Kansas City Kings batting - Pitching for Portland Cards : RHP Tim Cameron
|
Batting: RHB Dave Parker
|
0-0: Ball 1-0: Fly out, F9 (Flyball, 9S)
|
Batting: RHB Jason Stover
|
0-0: Ball 1-0: Ground out 5-3 (Groundball, 5)
|
Batting: RHB Rafael Carreón
|
0-0: Foul Ball, location: 2F 0-1: Ball 1-1: Fly out, F9 (Flyball, 9)
|
Top of the 2nd over - 0 runs, 0 hits, 0 errors, 0 left on base; Kansas City 0 - Portland 0 |
BOTTOM OF THE 2ND |
Portland Cards batting - Pitching for Kansas City Kings : RHP Luis Vargas
|
Batting: RHB Aaron Scott
|
0-0: Called Strike 0-1: Ball 1-1: Fly out, F9 (Flyball, 9LM)
|
Batting: RHB Norm Francis
|
0-0: Called Strike 0-1: Ball 1-1: Ball 2-1: Ground out 6-3 (Groundball, 6)
|
Batting: LHB Joel Nelson
|
0-0: Ball 1-0: SINGLE (Groundball, 6MD)
|
Batting: SHB Dale Winters
|
0-0: Called Strike Joel Nelson steals 2nd base 0-1: Fly out, F8 (Flyball, 8LM)
|
Bottom of the 2nd over - 0 runs, 1 hit, 0 errors, 1 left on base; Kansas City 0 - Portland 0 |
TOP OF THE 3RD |
Kansas City Kings batting - Pitching for Portland Cards : RHP Tim Cameron
|
Batting: LHB Earl Wigfall
|
0-0: Ball 1-0: SINGLE (Groundball, 4MD)
|
Batting: RHB Gregg Nelson
|
0-0: Ball 1-0: Ball 2-0: Foul Ball, location: 2F 2-1: Called Strike 2-2: Ball 3-2: Base on Balls Earl Wigfall to second
|
Batting: SHB Douglas Taylor
|
0-0: Called Strike 0-1: Ball 1-1: Fly out, F8 (Flyball, 8LD) Runner from 2nd tags up, OUT at 3rd
|
Batting: RHB Chris Chandler
|
0-0: Called Strike 0-1: Swinging Strike 0-2: Ball 1-2: Ball 2-2: Foul Ball, location: 2F 2-2: Fly out, F7 (Flyball, 78S)
|
Top of the 3rd over - 0 runs, 1 hit, 0 errors, 1 left on base; Kansas City 0 - Portland 0 |
BOTTOM OF THE 3RD |
Portland Cards batting - Pitching for Kansas City Kings : RHP Luis Vargas
|
Batting: RHB Carlos Sánchez
|
0-0: Ground out 5-3 (Groundball, 2L)
|
Batting: LHB Leonardo Medina
|
0-0: Foul Ball, location: 2F 0-1: Ball 1-1: Ball 2-1: Ground out U3 (Groundball, 3)
|
Batting: LHB Paul Mullins
|
0-0: SINGLE (Groundball, 34D)
|
Batting: SHB Giancarlo Giannini
|
0-0: Ball 1-0: Foul Ball, location: 2F 1-1: SINGLE (Line Drive, 78M) Paul Mullins to second
|
Batting: RHB Mario Beltrán
|
0-0: Ground out 4-3 (Groundball, 4)
|
Bottom of the 3rd over - 0 runs, 2 hits, 0 errors, 2 left on base; Kansas City 0 - Portland 0 |
TOP OF THE 4TH |
Kansas City Kings batting - Pitching for Portland Cards : RHP Tim Cameron
|
Batting: RHB Eric Fuller
|
0-0: Swinging Strike 0-1: Called Strike 0-2: Ball 1-2: SINGLE (Groundball, 56S) (infield hit)
|
Batting: LHB Ron Crawford
|
0-0: Ball 1-0: Fly out, F8 (Flyball, 8RD)
|
Batting: RHB Dave Parker
|
0-0: Ball 1-0: Swinging Strike 1-1: Swinging Strike 1-2: SINGLE (Line Drive, 6MD) Eric Fuller to second
|
Batting: RHB Jason Stover
|
0-0: Ball 1-0: Called Strike 1-1: SINGLE (Groundball, 4MD) Eric Fuller to third Dave Parker to second Runner from 3rd tries for Home, SAFE, no throw
|
Batting: RHB Rafael Carreón
|
0-0: Ball 1-0: Ball 2-0: Grounds into double play, 4-6-3 (Groundball, 4)
|
Top of the 4th over - 1 run, 3 hits, 0 errors, 1 left on base; Kansas City 1 - Portland 0 |
BOTTOM OF THE 4TH |
Portland Cards batting - Pitching for Kansas City Kings : RHP Luis Vargas
|
Batting: RHB Aaron Scott
|
0-0: Ball 1-0: Foul Ball, location: 2F 1-1: SOLO HOME RUN (Flyball, 7LD), Distance : 333 ft
|
Batting: RHB Norm Francis
|
0-0: Ball 1-0: Called Strike 1-1: Ball 2-1: Foul Ball, location: 2F 2-2: Foul Ball, location: 2F 2-2: Ball 3-2: Foul Ball, location: 2F 3-2: Fly out, F7 (Line Drive, 7)
|
Batting: LHB Joel Nelson
|
0-0: Called Strike 0-1: Ball 1-1: Called Strike 1-2: Strikes out swinging
|
Batting: SHB Dale Winters
|
0-0: Ball 1-0: Called Strike 1-1: Ball 2-1: Ball 3-1: Ground out 5-3 (Groundball, 56S)
|
Bottom of the 4th over - 1 run, 1 hit, 0 errors, 0 left on base; Kansas City 1 - Portland 1 |
TOP OF THE 5TH |
Kansas City Kings batting - Pitching for Portland Cards : RHP Tim Cameron
|
Batting: LHB Earl Wigfall
|
0-0: Ball 1-0: Ball 2-0: Ball 3-0: Base on Balls
|
Batting: RHB Gregg Nelson
|
0-0: Ball 1-0: Ball 2-0: Called Strike 2-1: SINGLE (Groundball, 34D) Earl Wigfall to second Runner from 2nd tries for 3rd, SAFE, throw made to third
|
Batting: SHB Douglas Taylor
|
0-0: Ground out 4-3 (Groundball, 4) Gregg Nelson to second
|
Batting: RHB Chris Chandler
|
0-0: Called Strike 0-1: Ball 1-1: Called Strike 1-2: DOUBLE (Flyball, 78XD) Earl Wigfall scores Gregg Nelson scores
|
Batting: RHB Eric Fuller
|
0-0: Ball 1-0: Called Strike 1-1: SINGLE (Groundball, 4MD) Chris Chandler to third
|
Batting: LHB Ron Crawford
|
0-0: Called Strike 0-1: Ball Eric Fuller steals 2nd base 1-1: SINGLE (Line Drive, 4D) Chris Chandler scores Eric Fuller to third Runner from 3rd tries for Home, SAFE, throw made home
|
Batting: RHB Dave Parker
|
0-0: Fly out, F8 (Flyball, 8RXD)
|
Batting: RHB Jason Stover
|
0-0: Ball 1-0: Ball 2-0: Foul Ball, location: 2F 2-1: Foul Ball, location: 2F 2-2: Foul Ball, location: 2F 2-2: Ball 3-2: Strikes out swinging
|
Top of the 5th over - 4 runs, 4 hits, 0 errors, 1 left on base; Kansas City 5 - Portland 1 |
BOTTOM OF THE 5TH |
Portland Cards batting - Pitching for Kansas City Kings : RHP Luis Vargas
|
Batting: RHB Carlos Sánchez
|
0-0: Called Strike 0-1: SINGLE (Line Drive, 89M)
|
Batting: LHB Leonardo Medina
|
0-0: Called Strike 0-1: Foul Ball, location: 2F 0-2: Ball 1-2: Foul Ball, location: 2F 1-2: Fielders Choice at 2nd, 3-6 (Groundball, 3)
|
Batting: LHB Paul Mullins
|
0-0: Ball Leonardo Medina steals 2nd base 1-0: Fly out, F2 (Popup, 2L)
|
Batting: SHB Giancarlo Giannini
|
0-0: Foul Ball, location: 2F 0-1: Ball 1-1: Called Strike 1-2: Fly out, F7 (Flyball, 7LSF)
|
Bottom of the 5th over - 0 runs, 1 hit, 0 errors, 1 left on base; Kansas City 5 - Portland 1 |
TOP OF THE 6TH |
Kansas City Kings batting - Pitching for Portland Cards : RHP Tim Cameron
|
Pitching: RHP Eusébio Lagarto
|
|
Batting: RHB Rafael Carreón
|
0-0: Foul Ball, location: 2F 0-1: Ball 1-1: Foul Ball, location: 2F 1-2: Ball 2-2: Ball 3-2: Base on Balls
|
Batting: LHB Earl Wigfall
|
0-0: Ball 1-0: Ball 2-0: SINGLE (Groundball, 4MD) Rafael Carreón to second
|
Batting: RHB Gregg Nelson
|
0-0: Ball 1-0: Ball 2-0: Called Strike 2-1: Ball 3-1: Foul Ball, location: 2F 3-2: Ground out 4-3 (Groundball, 4S) Rafael Carreón to third Earl Wigfall to second
|
Batting: SHB Douglas Taylor
|
0-0: Ground out 5-3 (Groundball, 5S)
|
Batting: RHB Chris Chandler
|
0-0: Called Strike 0-1: Ball 1-1: 3-RUN HOME RUN (Flyball, 7D), Distance : 359 ft
|
Batting: RHB Eric Fuller
|
0-0: Ball 1-0: Ball 2-0: Ball 3-0: Called Strike 3-1: SOLO HOME RUN (Flyball, 7LD), Distance : 318 ft
|
Batting: LHB Ron Crawford
|
0-0: Foul Ball, location: 2F 0-1: Ball 1-1: Foul Ball, location: 2F 1-2: Foul Ball, location: 2F 1-2: Ball 2-2: Ball 3-2: Strikes out swinging
|
Top of the 6th over - 4 runs, 3 hits, 0 errors, 0 left on base; Kansas City 9 - Portland 1 |
BOTTOM OF THE 6TH |
Portland Cards batting - Pitching for Kansas City Kings : RHP Luis Vargas
|
Batting: RHB Mario Beltrán
|
0-0: Ground out 4-3 (Groundball, 4)
|
Batting: RHB Aaron Scott
|
0-0: SINGLE (Groundball, 34D)
|
Batting: RHB Norm Francis
|
0-0: Called Strike 0-1: Ball 1-1: Ball 2-1: Called Strike 2-2: SINGLE (Groundball, 56D) Aaron Scott to second
|
Batting: LHB Joel Nelson
|
0-0: Called Strike 0-1: SINGLE (Flyball, 78M) Aaron Scott to third Norm Francis to second
|
Batting: SHB Dale Winters
|
0-0: Ball 1-0: Called Strike 1-1: Swinging Strike 1-2: Ground out 4-3 (Groundball, 4S) Aaron Scott scores Norm Francis to third Joel Nelson to second
|
Batting: RHB Carlos Sánchez
|
0-0: Swinging Strike 0-1: Ball 1-1: Called Strike 1-2: Foul Ball, location: 2F 1-2: Foul Ball, location: 2F 1-2: Ground out 6-3 (Groundball, 6MS)
|
Bottom of the 6th over - 1 run, 3 hits, 0 errors, 2 left on base; Kansas City 9 - Portland 2 |
TOP OF THE 7TH |
Kansas City Kings batting - Pitching for Portland Cards : RHP Eusébio Lagarto
|
Batting: RHB Dave Parker
|
0-0: Called Strike 0-1: Foul Ball, location: 2F 0-2: Ball 1-2: SINGLE (Line Drive, 56D)
|
Batting: RHB Jason Stover
|
0-0: Called Strike 0-1: Ball 1-1: Foul Ball, location: 2F 1-2: Ball 2-2: Strikes out looking
|
Batting: RHB Rafael Carreón
|
0-0: Ball 1-0: Called Strike 1-1: Foul Ball, location: 2F 1-2: Fielders Choice at 2nd, 3-6 (Groundball, 34)
|
Batting: LHB Earl Wigfall
|
0-0: Ball 1-0: Foul Ball, location: 2F 1-1: DOUBLE (Flyball, 78D) Rafael Carreón to third
|
Batting: RHB Gregg Nelson
|
0-0: Foul Ball, location: 2F 0-1: Swinging Strike 0-2: Fly out, F9 (Flyball, 9LM)
|
Top of the 7th over - 0 runs, 2 hits, 0 errors, 2 left on base; Kansas City 9 - Portland 2 |
BOTTOM OF THE 7TH |
Portland Cards batting - Pitching for Kansas City Kings : RHP Luis Vargas
|
Batting: LHB Leonardo Medina
|
0-0: Ball 1-0: Ball 2-0: SINGLE (Line Drive, 34D)
|
Batting: LHB Paul Mullins
|
0-0: Ball 1-0: Fly out, F5 (Line Drive, 56S)
|
Batting: SHB Giancarlo Giannini
|
0-0: Ball 1-0: Fly out, F7 (Flyball, 7S)
|
Batting: RHB Mario Beltrán
|
0-0: Called Strike 0-1: Fielders Choice at 2nd, 5-4 (Groundball, 56)
|
Bottom of the 7th over - 0 runs, 1 hit, 0 errors, 1 left on base; Kansas City 9 - Portland 2 |
TOP OF THE 8TH |
Kansas City Kings batting - Pitching for Portland Cards : RHP Eusébio Lagarto
|
Batting: SHB Douglas Taylor
|
0-0: Foul Ball, location: 2F 0-1: Ball 1-1: Ball 2-1: SINGLE (Groundball, 34D)
|
Batting: RHB Chris Chandler
|
0-0: Ball 1-0: Called Strike 1-1: Foul Ball, location: 2F 1-2: Ball 2-2: Foul Ball, location: 2F 2-2: Foul Ball, location: 2F 2-2: Grounds into double play, 5-4-3 (Groundball, 56)
|
Batting: RHB Eric Fuller
|
0-0: Ball 1-0: Ground out 6-3 (Groundball, 6S)
|
Top of the 8th over - 0 runs, 1 hit, 0 errors, 0 left on base; Kansas City 9 - Portland 2 |
BOTTOM OF THE 8TH |
Portland Cards batting - Pitching for Kansas City Kings : RHP Luis Vargas
|
Batting: RHB Aaron Scott
|
0-0: Called Strike 0-1: Ball 1-1: Ball 2-1: Hit by Pitch
|
Pitching: RHP Raymond Gregg
|
|
Batting: RHB Norm Francis
|
0-0: Ball 1-0: Swinging Strike 1-1: Fly out, F7 (Flyball, 7)
|
Batting: LHB Joel Nelson
|
0-0: Called Strike 0-1: Ball 1-1: SINGLE (Groundball, 6D) Aaron Scott to second
|
Batting: SHB Dale Winters
|
0-0: SINGLE (Line Drive, 89M) Aaron Scott to third Joel Nelson to second Runner from 3rd tries for Home, SAFE, throw made home
|
Batting: RHB Carlos Sánchez
|
0-0: Called Strike 0-1: Ball 1-1: Foul Ball, location: 2F 1-2: Ball Wild Pitch! Joel Nelson to third Dale Winters to second 2-2: Strikes out swinging
|
Batting: LHB Leonardo Medina
|
0-0: Ground out U3 (Groundball, 34)
|
Bottom of the 8th over - 1 run, 2 hits, 0 errors, 2 left on base; Kansas City 9 - Portland 3 |
TOP OF THE 9TH |
Kansas City Kings batting - Pitching for Portland Cards : RHP Eusébio Lagarto
|
Pitching: RHP Isaac Coleman
|
|
Batting: LHB Ron Crawford
|
0-0: Ball 1-0: Called Strike 1-1: Ground out 1-3 (Groundball, 13)
|
Batting: RHB Dave Parker
|
0-0: SINGLE (Flyball, 9LS)
|
Batting: RHB Jason Stover
|
0-0: Called Strike 0-1: Ball 1-1: Foul Ball, location: 2F 1-2: Strikes out swinging
|
Batting: RHB Rafael Carreón
|
0-0: Ball 1-0: Ball 2-0: Ball 3-0: Base on Balls Dave Parker to second
|
Batting: LHB Earl Wigfall
|
0-0: Ball 1-0: Ball 2-0: Foul Ball, location: 2F 2-1: Fielders Choice at 2nd, 6-4 (Groundball, 6)
|
Top of the 9th over - 0 runs, 1 hit, 0 errors, 2 left on base; Kansas City 9 - Portland 3 |
BOTTOM OF THE 9TH |
Portland Cards batting - Pitching for Kansas City Kings : RHP Raymond Gregg
|
Batting: LHB Paul Mullins
|
0-0: Ball 1-0: Ball 2-0: Called Strike 2-1: Fly out, F9 (Flyball, 89S)
|
Batting: SHB Giancarlo Giannini
|
0-0: Called Strike 0-1: Ball 1-1: Foul Ball, location: 2F 1-2: Ball 2-2: Ball 3-2: Foul Ball, location: 2F 3-2: Strikes out swinging
|
Batting: RHB Mario Beltrán
|
0-0: DOUBLE (Line Drive, 8RXD)
|
Batting: RHB Aaron Scott
|
0-0: Ball 1-0: Called Strike 1-1: Foul Ball, location: 2F 1-2: SINGLE (Groundball, 34D) Mario Beltrán to third
|
Batting: RHB Norm Francis
|
0-0: SINGLE (Line Drive, 6D) Mario Beltrán scores Aaron Scott to second
|
Batting: LHB Joel Nelson
|
0-0: Ball 1-0: Ball 2-0: Ball 3-0: Called Strike 3-1: Called Strike 3-2: Strikes out swinging
|
Bottom of the 9th over - 1 run, 3 hits, 0 errors, 2 left on base; Kansas City 9 - Portland 4 |
|